 Dungeon Crawl Stone Soup version 0.31-a0-246-g8cbcc1cb85 (webtiles) character file.

Game seed: 5525417660735280771

25 qw the Shooter (level 2, 0/24 HPs)
             Began as a Minotaur Hexslinger on July 12, 2023.
             Slain by a goblin
             ... wielding a +0 club
             ... led by Robin
              (5 damage)
             ... on level 2 of the Dungeon.
             The game lasted 00:00:17 (845 turns).

qw the Shooter (Minotaur Hexslinger)                 Turns: 845, Time: 00:00:17

Health: 0/24       AC:  3    Str: 12    XL:     2   Next: 86%
Magic:  2/2        EV: 11    Int: 10    God:
Gold:   72         SH:  0    Dex: 12    Spells: 2/3 levels left

rFire   . . .        Y - +1 sling
rCold   . . .        (no shield)
rNeg    . . .        g - +0 leather armour
rPois   .            (helmet restricted)
rElec   .            (no cloak)
rCorr   .            (no gloves)
SInv    .            (no boots)
Will    .....        (no amulet)
Stlth   +            (no ring)
HPRegen 0.24/turn    (no ring)
MPRegen 0.08/turn

%: no passive effects
@: no status effects
A: horns 2, retaliatory headbutt
a: no special abilities


You were on level 2 of the Dungeon.
You visited 1 branch of the dungeon, and saw 2 of its levels.

You collected 72 gold pieces.


Innate Abilities, Weirdness & Mutations

You have a pair of horns on your head.
You reflexively headbutt those who attack you in melee.


   Skills:
 - Level 2.0 Fighting
 + Level 3.4 Ranged Weapons
 - Level 2.1 Dodging
 - Level 1.0 Spellcasting
 - Level 2.0 Hexes


You had 2 spell levels left.
You knew the following spells:

 Your Spells              Type           Power      Damage    Failure   Level
a - Slow                  Hex            16%        N/A       19%         1

Your spell library contained the following spells:

 Spells                   Type           Power      Damage    Failure   Level
 Inner Flame              Hex/Fire       2%         N/A       65%         3
 Portal Projectile        Hex/Tloc       4%         N/A       65%         3
 Cause Fear               Hex            2%         N/A       88%         4

Inventory:

Hand Weapons
 Y - a +1 sling (weapon)
Armour
 g - a +0 leather armour (worn)
Scrolls
 a - 3 scrolls of identify
 f - a scroll of enchant armour
Potions
 d - a potion of mutation {unknown}
 h - a potion of heal wounds {unknown}
 j - a potion of haste {unknown}

Dungeon Overview and Level Annotations

Branches:
Dungeon (2/15)

Altars:

Annotations:
D:2 Natasha, Robin


Message History

You shoot a sling bullet.
The sling bullet closely misses the quokka.
The goblin shouts!
The sling bullet hits the goblin.
The goblin is moderately wounded.
You hear a shout!
The quokka bites you. The quokka closely misses you.
You shoot a sling bullet. The sling bullet hits the quokka.
You kill the quokka!
A goblin comes into view. It is wielding a +0 dagger.
The goblin completely misses you. Robin throws the goblin at you!
The goblin barely misses you. You furiously retaliate!
You headbutt the goblin!
You kill the goblin!
You shoot a sling bullet.
The sling bullet barely misses the goblin.
The goblin misses you.
The goblin hits you but does no damage. x2
A hobgoblin comes into view.
The goblin hits you but does no damage. The goblin hits you with a +0 club.
The goblin misses you.
You shoot a sling bullet.
The sling bullet closely misses the goblin.
The hobgoblin shouts!
The goblin hits you with a +0 club. The goblin hits you but does no damage.
The hobgoblin barely misses you.
Robin roars a battlecry!
The goblins go into a battle-frenzy!
The goblin hits you with a +0 dagger.
You hear a shout!
You hear a bark!
You shoot a sling bullet.
The sling bullet closely misses the goblin.
The goblin hits you but does no damage. The goblin hits you with a +0 club.
Robin throws the goblin at you! The hobgoblin barely misses you.
The goblin hits you with a +0 dagger.
You shoot a sling bullet. The sling bullet hits the goblin.
The goblin is severely wounded.
A jackal comes into view.
The goblin hits you with a +0 dagger.
A goblin comes into view. It is wielding a +0 dagger.
The goblin completely misses you. The goblin hits you with a +0 club.
You die... . #[# ..hg #. #. #.# .h.g #. .. #.# .gg.g

. .# #.. ....g g#.
######.. ......#..
######....)..
....g#g#####......####..
#..#..g#......%###......
#...gg@g...............
##...g.g......####....#
#.............# #.##.#
#.##.#........###.##.#
#. #.#............##.# .
..#.......##......# .
##############.....# ##
####.## #...


You could see Robin, a jackal, 4 hobgoblins and 6 goblins.

Vanquished Creatures
  A dart slug (D:2)
  3 ball pythons (D:1)
  5 endoplasms
  2 goblins
  2 hobgoblins (D:1)
  2 quokkas (D:2)
  A frilled lizard (D:1)
  2 kobolds (D:1)
  2 rats
20 creatures vanquished.

Notes
Turn   | Place    | Note
-------+----------+-------------------------------------------
     0 | D:1      | qw the Minotaur Hexslinger began the quest for the Orb.
     0 | D:1      | Reached XP level 1. HP: 16/16 MP: 1/1
     0 | D:1      | 0 ||| qw: Version: 0.3-a-52-g30416fa
     0 | D:1      | 0 ||| qw: Game counter: 6391
     0 | D:1      | 0 ||| qw: Melee chars always use a shield: true
     0 | D:1      | 0 ||| qw: God list: Okawaru
     0 | D:1      | 0 ||| qw: Allow faded altars: false
     0 | D:1      | 0 ||| qw: Do Orc after clearing Dungeon:15 true
     0 | D:1      | 0 ||| qw: Do second Lair branch before Depths: true
     0 | D:1      | 0 ||| qw: Lair rune preference: random
     0 | D:1      | 0 ||| qw: Goals: Normal
     0 | D:1      | 0 ||| PLANNING D:1-11
    94 | D:1      | 94 ||| FLEEEEING.
    95 | D:1      | 95 ||| FLEEEEING.
    96 | D:1      | 96 ||| FLEEEEING.
   247 | D:1      | Reached skill level 3 in Ranged Weapons
   260 | D:1      | Reached XP level 2. HP: 23/23 MP: 2/2
   645 | D:1      | 645 ||| UPGRADING to +0 leather armour.
   655 | D:1      | 655 ||| DROPPING +0 robe.
   656 | D:1      | 656 ||| READING scroll labelled UMI ZATATO.
   657 | D:1      | 657 ||| READING 2 scrolls labelled ERGHUR DEIS.
   658 | D:1      | 658 ||| READING scroll labelled REKUOTUECH.
   662 | D:1      | 662 ||| READING scroll labelled OSIESI VIUTOU.
   663 | D:1      | 663 ||| DROPPING scroll of poison.
   836 | D:2      | Noticed Robin
   838 | D:2      | Noticed Natasha
   839 | D:2      | 839 ||| Stepping ~*~*~tactically~*~*~ (outnumbered).
   845 | D:2      | HP: 5/24 [goblin/+0 dagger[Robin] (2)]
   845 | D:2      | Slain by a goblin

Levels and vault maps discovered:
D:1:      lemuel_arrival_room, layout_loops_ring
D:2:      layout_rooms, uniq_natasha, uniq_robin

Skill      XL: |  1  2 |
---------------+-------+-----
Ranged Weapons | 3 |  3.4
Fighting       | 2 |  2.0
Dodging        | |  2.1
Spellcasting   | |  1.0
Hexes          | |  2.0

Action                     || total
---------------------------++-------
   Fire: Sling             ||    48
    Use: Scroll            ||     4
 Armour: Robe              ||     1
         Leather armour    ||     8
  Dodge: Dodged            ||    18

Table legend:
 A = Non-vault XP
 B = Vault XP
 C = Vault XP percentage of total XP
 D = Non-vault monster count
 E = Vault monster count
 F = Vault count percentage of total count
                 A         B        C        D         E       F
            +---------+---------+-------+---------+---------+-------
      Total |      35 |       2 |   5.4 |      19 |       1 |   5.0
            +---------+---------+-------+---------+---------+-------
        D:1 |      18 |       0 |   0.0 |      11 |       0 |   0.0
        D:2 |      17 |       2 |  10.5 |       8 |       1 |  11.1
            +---------+---------+-------+---------+---------+-------
